 Dungeon Crawl Stone Soup version 0.24.0-35-gdb84b6a5db (webtiles) character file.

Game seed: 11968646686715832288, levelgen mode: deterministic

36040 Nattfarinn the Archer (level 13, -7/119 HPs)
             Began as a Centaur Hunter on Nov 18, 2019.
             Was the Champion of Okawaru.
             Mangled by an anaconda (13 damage)
             ... on level 4 of the Lair of Beasts.
             The game lasted 00:55:18 (25573 turns).

Nattfarinn the Archer (Centaur Hunter)             Turns: 25573, Time: 00:55:19

Health: -7/119     AC:  7    Str: 15    XL:     13   Next: 50%
Magic:  0/13       EV:  7    Int: 10    God:    Okawaru [******]
Gold:   2222       SH:  0    Dex: 15    Spells: 12/12 levels left

rFire    . . .     SeeInvis .   a - +7 hand crossbow (flame)
rCold    . . .     Gourm    .   (no shield)
rNeg     . . .     Faith    .   X - +3 chain mail {rPois}
rPois    +         Spirit   +   w - +2 helmet
rElec    .         Reflect  .   U - +0 cloak
rCorr    .         Harm     .   (no gloves)
MR       .....                  (no barding)
Stlth    ..........             z - amulet of guardian spirit
HPRegen  0.29/turn              k - +5 ring of evasion
MPRegen  0.13/turn              O - +4 ring of slaying

@: corroded, hasted, constricted, very quick
A: large, hooves 3, deformed body, speed 2, tough skin 3
a: Heroism, Finesse, Renounce Religion


You were on level 4 of the Lair of Beasts.
You worshipped Okawaru.
Okawaru was exalted by your worship.
You were very hungry.

You visited 3 branches of the dungeon, and saw 20 of its levels.
You also visited: Bailey.

You collected 2222 gold pieces.

Inventory:

Hand Weapons
 a - a +7 hand crossbow of flaming (weapon)
 b - a +1 spear of flaming
Missiles
 d - 76 arrows
 T - 145 bolts (quivered)
Armour
 c - a +0 leather armour
 w - a +2 helmet (worn)
 U - a +0 cloak (worn)
 X - a +3 chain mail of poison resistance (worn)
Jewellery
 k - a +5 ring of evasion (left hand)
 s - a cursed ring of attention {unknown}
 z - an amulet of guardian spirit (around neck)
 J - a cursed amulet of faith {unknown}
 O - a +4 ring of slaying (right hand)
 S - a +4 ring of protection {unknown}
 Z - an uncursed ring of positive energy {unknown}
Wands
 o - a wand of flame (21)
 v - a wand of paralysis (22)
 E - a wand of digging (9)
 I - a wand of polymorph (17)
 L - a wand of iceblast (9)
 Y - a wand of disintegration (12)
Scrolls
 g - a scroll of fear
 h - a scroll of vulnerability {unknown}
 i - 3 scrolls of immolation
 n - a scroll of noise {unknown}
 q - 9 scrolls of teleportation
 r - 3 scrolls of fog
 B - 2 scrolls of magic mapping
 C - 15 scrolls of remove curse
 K - a scroll of brand weapon {unknown}
 M - 2 scrolls of amnesia
 V - a scroll of silence {unknown}
Potions
 e - 2 potions of berserk rage
 j - 3 potions of brilliance
 m - 2 potions of lignification
 p - a potion of flight {unknown}
 x - a potion of ambrosia
 F - 2 potions of magic
 H - 2 potions of heal wounds
 N - 2 potions of agility {unknown}
 P - 2 potions of might {unknown}
 Q - 2 potions of invisibility {unknown}
 R - a potion of curing
 W - a potion of haste
Miscellaneous
 A - a box of beasts
Comestibles
 f - 36 rations


   Skills:
 + Level 12.5 Fighting
 - Level 12.0 Polearms
   Level 14.0 Bows
 - Level 10.0 Crossbows
 * Level 3.1 Armour
 - Level 3.0 Dodging
 - Level 0.4 Stealth


You had 12 spell levels left.
You didn't know any spells.
Your spell library contained the following spells:

 Spells                   Type           Power        Failure   Level  Hunger
 Flame Tongue             Conj/Fire      #....        100%        1    ##.....
 Shock                    Conj/Air       #...         100%        1    ##.....
 Summon Small Mammal      Summ           #...         100%        1    ##.....
 Call Imp                 Summ           #.......     100%        2    ###....
 Swiftness                Chrm/Air       #.......     100%        2    ###....
 Throw Flame              Conj/Fire      #.....       100%        2    ###....
 Call Canine Familiar     Summ           #.......     100%        3    ####...
 Conjure Flame            Conj/Fire      #.......     100%        3    ####...
 Inner Flame              Hex/Fire       #.......     100%        3    ####...
 Static Discharge         Conj/Air       #.......     100%        3    ####...
 Summon Guardian Golem    Hex/Summ       #.......     100%        3    ####...
 Airstrike                Air            #.........   100%        4    #####..
 Sticky Flame             Conj/Fire      #.......     100%        4    #####..
 Summon Ice Beast         Ice/Summ       #.......     100%        4    #####..
 Summon Lightning Spire   Summ/Air       #.......     100%        4    #####..
 Fireball                 Conj/Fire      #.........   100%        5    ######.
 Lightning Bolt           Conj/Air       #.........   100%        5    ######.
 Haunt                    Necr/Summ      #.........   100%        7    #######
 Borgnjor's Revivificati  Necr           #.........   100%        8    #######
 Death's Door             Chrm/Necr      #.........   100%        8    #######
 Infestation              Necr           #.........   100%        8    #######
 Necromutation            Tmut/Necr      #.........   100%        8    #######


Dungeon Overview and Level Annotations

Branches:
Dungeon (13/15)            Temple (1/1) D:6            Lair (6/6) D:11
 Shoals (0/4) Lair:4        Snake (0/4) Lair:3        Slime (0/5) Lair:6
    Orc (0/2) D:9          Bailey (visited)
 Vaults: D:13-14

Altars:
Ashenzari
Cheibriados
Dithmenos
Elyvilon
Fedhas
Gozag
Hepliaklqana
Kikubaaqudgha
Makhleb
Nemelex Xobeh
Okawaru
Qazlal
Ru
Sif Muna
Trog
Uskayaw
Vehumet
Wu Jian
Xom
Yredelemnul
Zin
The Shining One
Jiyva

Annotations:
Lair:1 1 runed translucent door, Teror's ghost, novice DsNe


Innate Abilities, Weirdness & Mutations

You have hooves in place of feet.
Armour fits poorly on your strangely shaped body.
You cover ground very quickly.
You have extremely tough skin. (AC +3)


Message History

Evoke which item? (* to show all) (? for menu, Esc to quit)
Aiming: Polymorph
Press: ? - help, Shift-Dir - straight line, f - entropy weaver
Aim: an entropy weaver (chance to defeat MR: 15%)
The entropy weaver evaporates and reforms as an anaconda!
The anaconda is too close now for your liking.
Fire/throw which item? (* to show all) (? for menu, Esc to quit)
Okay, then.
That item cannot be evoked!
Evoke which item? (* to show all) (? for menu, Esc to quit)
Aiming: Polymorph
Press: ? - help, Shift-Dir - straight line, f/p - anaconda
Aim: an anaconda (chance to defeat MR: 28%)
Okay, then.
You feel yourself speed up. The anaconda grabs you. The anaconda bites you.
* * * LOW HITPOINT WARNING * * *
x2 The anaconda constricts you.
The anaconda's grasp on you weakens, but your attempt to escape fails.
The anaconda bites you!
You die...

#.....## ##.....
##.....#### #####.....
###........# ##P##.###..
#.##......## ###...### #.#
#.........# ##......#####.
##.......#####..........#..
#.....<..##..............P
##......S#...............[
#........@...>..........#.
####......................
#P.....P..P...##.......
##...............##..#.
####............######..
##..........P##...##.####
##...###..............## #
#...## #.P............P# #
##### #####...........##


You could see an anaconda.

Vanquished Creatures
  Snorg (Lair:3)
  Erolcha (D:9)
  3 hydras
  A catoblepas (Lair:4)
  5 two-headed ogres
  Pikel (D:7)
  An ugly thing (D:8)
  A cyclops (D:11)
  2 manticores
  3 black mambas
  Maurice (D:9)
  Psyche (D:8)
  A gargoyle (D:11)
  2 centaur skeletons
  A rime drake (Lair:1)
  12 spiny frogs
  9 komodo dragons
  A polar bear (Lair:5)
  3 hornets (D:8)
  4 hippogriffs
  6 dream sheep
  A meliai zombie (D:10)
  A shadow (D:12)
  3 wyverns
  37 yaks
  4 basilisks
  A steam dragon (D:11)
  A hungry ghost (D:9)
  3 soldier ants (Lair:6)
  3 nagas (Lair:3)
  8 porcupines
  An acid dragon (D:11)
  3 orc warriors
  5 water moccasins
  3 sky beasts
  2 phantoms
  A black bear (D:6)
  5 ice beasts
  12 centaurs
  7 ogres
  11 crocodiles
  A big kobold (D:12)
  8 gnoll sergeants (Bailey)
  8 bullfrogs
  A water moccasin zombie (D:8)
  3 scorpions
  A centaur zombie (D:9)
  A bullfrog zombie (D:12)
  2 howler monkeys (D:10)
  A crimson imp (D:5)
  4 orc priests
  13 hounds
  11 orc wizards
  3 jellies
  6 gnoll shamans (Bailey)
  2 hell rats (D:8)
  3 iguanas
  11 worker ants
  A hound zombie (D:9)
  A hound skeleton (D:6)
  A worker ant zombie (D:10)
  17 gnolls
  A howler monkey skeleton (D:11)
  7 river rats (D:8)
  6 adders
  3 shadow imps
  An ooze (D:3)
  2 adder zombies
  A worm (D:3)
  3 dart slugs
  4 leopard geckos
  31 orcs
  3 ball pythons
  10 bats
  8 giant cockroaches
  10 hobgoblins
  23 jackals
  8 quokkas
  8 frilled lizards (D:3)
  9 goblins
  7 kobolds
  2 leopard gecko skeletons (D:4)
  A leopard gecko zombie (D:3)
  2 quokka skeletons
  27 rats
448 creatures vanquished.

Vanquished Creatures (others)
  A yak (D:7)
  4 slaves (D:7)
  A hound (D:9)
  5 fungi
  8 plants
19 creatures vanquished.

Grand Total: 467 creatures vanquished

Notes
Turn   | Place    | Note
-------+----------+-------------------------------------------
     0 | D:1      | Nattfarinn the Centaur Hunter began the quest for the Orb.
     0 | D:1      | Reached XP level 1. HP: 17/17 MP: 1/1
    87 | D:1      | Reached XP level 2. HP: 22/24 MP: 2/2
   467 | D:1      | Reached skill level 6 in Bows
   560 | D:1      | Reached XP level 3. HP: 30/30 MP: 3/3
  1221 | D:2      | Reached XP level 4. HP: 31/37 MP: 4/4
  1365 | D:2      | Found a white marble altar of Elyvilon.
  1465 | D:2      | Found a glowing silver altar of Zin.
  2175 | D:3      | Reached skill level 7 in Bows
  2221 | D:3      | Reached XP level 5. HP: 20/45 MP: 5/5
  3307 | D:4      | Reached XP level 6. HP: 41/51 MP: 6/6
  3426 | D:4      | Reached skill level 8 in Bows
  3933 | D:5      | Entered Level 5 of the Dungeon
  4093 | D:5      | Reached skill level 9 in Bows
  4093 | D:5      | Reached XP level 7. HP: 26/59 MP: 7/7
  4724 | D:5      | Reached skill level 10 in Bows
  4928 | D:5      | Reached skill level 5 in Fighting
  5146 | D:6      | Reached skill level 1 in Polearms
  5146 | D:6      | Reached XP level 8. HP: 41/68 MP: 8/8
  5913 | D:6      | Found a staircase to the Ecumenical Temple.
  5953 | Temple   | Entered the Ecumenical Temple
  6058 | D:7      | Reached skill level 11 in Bows
  6580 | D:7      | Found a bloodstained altar of Trog.
  6580 | D:7      | Found a radiant altar of Vehumet.
  6581 | D:7      | Found a shadowy altar of Dithmenos.
  6581 | D:7      | Found an iron altar of Okawaru.
  6582 | D:7      | Found a hide-covered altar of Uskayaw.
  6582 | D:7      | Found a blossoming altar of Fedhas.
  6583 | D:7      | Found an ornate altar of the Wu Jian Council.
  6591 | D:7      | Became a worshipper of Warmaster Okawaru
  7098 | D:7      | Noticed Pikel
  7132 | D:7      | Killed Pikel
  7132 | D:7      | Reached * piety under Okawaru
  7132 | D:7      | Reached skill level 12 in Bows
  7132 | D:7      | Reached XP level 9. HP: 23/75 MP: 9/9
  7327 | D:7      | Reached skill level 5 in Polearms
  7689 | D:8      | Noticed a two-headed ogre
  7716 | D:8      | Killed a two-headed ogre
  7716 | D:8      | Reached ** piety under Okawaru
  7716 | D:8      | Reached skill level 13 in Bows
  7927 | D:8      | Noticed Psyche
  7940 | D:8      | Killed Psyche
  7942 | D:8      | Noticed a purple ugly thing
  8036 | D:8      | Killed a purple ugly thing
  8036 | D:8      | Reached XP level 10. HP: 49/86 MP: 10/10
  8468 | D:8      | Paralysed by a hornet for 2 turns
  8471 | D:8      | Paralysed by a hornet for 3 turns
  8480 | D:8      | Paralysed by a hornet for 2 turns
  8898 | D:8      | Paralysed by a hornet for 3 turns
  8969 | D:8      | Reached *** piety under Okawaru
 10271 | D:9      | Reached skill level 14 in Bows
 10300 | D:9      | Found a staircase to the Orcish Mines.
 10513 | D:9      | Noticed Erolcha
 10531 | D:9      | Killed Erolcha
 10531 | D:9      | Reached **** piety under Okawaru
 10854 | D:9      | Noticed a two-headed ogre
 10902 | D:9      | Killed a two-headed ogre
 11016 | D:9      | Noticed Maurice
 11292 | D:9      | Killed Maurice
 11539 | D:9      | Found a glowing golden altar of the Shining One.
 11544 | D:9      | Found a basalt altar of Yredelemnul.
 11546 | D:9      | Noticed a profane servitor
 11578 | D:9      | Noticed an angel
 11611 | D:10     | Entered Level 10 of the Dungeon
 11640 | D:10     | Reached XP level 11. HP: 64/95 MP: 6/11
 12361 | D:10     | Received a gift from Okawaru
 12789 | D:11     | Reached ***** piety under Okawaru
 13303 | D:11     | Received a gift from Okawaru
 13532 | D:11     | Reached skill level 10 in Polearms
 13860 | D:11     | Received a gift from Okawaru
 13929 | D:11     | Received a gift from Okawaru
 14209 | D:11     | Noticed a two-headed ogre
 14216 | D:11     | Killed a two-headed ogre
 14306 | D:11     | Found a staircase to the Lair.
 14470 | D:12     | Noticed a two-headed ogre
 14482 | D:12     | Killed a two-headed ogre
 14482 | D:12     | Reached skill level 10 in Fighting
 14538 | D:12     | Found a flagged portal.
 14546 | Bailey   | Entered a bailey
 14818 | Bailey   | Received a gift from Okawaru
 15678 | D:12     | Noticed a two-headed ogre
 15690 | D:12     | Killed a two-headed ogre
 15690 | D:12     | Reached XP level 12. HP: 97/107 MP: 10/12
 16392 | D:13     | Reached skill level 1 in Crossbows
 16509 | Lair:1   | Entered Level 1 of the Lair of Beasts
 16549 | Lair:1   | Found a runed translucent door.
 16549 | Lair:1   | Noticed Teror's ghost (novice DsNe)
 16638 | Lair:1   | Reached ****** piety under Okawaru
 16736 | Lair:1   | Received a gift from Okawaru
 17888 | Lair:2   | Reached skill level 5 in Crossbows
 18287 | Lair:2   | Got a scorched hunting sling
 18288 | Lair:2   | Identified the +6 hunting sling "Hydraslayer" {venom, *Slow
                  | Int+5} (You found it on level 2 of the Lair of Beasts)
 18819 | Lair:2   | Received a gift from Okawaru
 19004 | Lair:2   | Noticed a seven-headed hydra
 19045 | Lair:2   | Killed a seven-headed hydra
 19530 | Lair:3   | Found a staircase to the Snake Pit.
 20006 | Lair:3   | Noticed Snorg
 20063 | Lair:3   | Killed Snorg
 20063 | Lair:3   | Received a gift from Okawaru
 20126 | Lair:3   | Noticed an eight-headed hydra
 20151 | Lair:3   | Killed an eight-headed hydra
 20151 | Lair:3   | Reached XP level 13. HP: 95/117 MP: 13/13
 22593 | Lair:4   | Found a staircase to the Shoals.
 23130 | Lair:5   | Reached skill level 10 in Crossbows
 23506 | Lair:5   | Reached skill level 1 in Armour
 24181 | Lair:6   | Entered Level 6 of the Lair of Beasts
 24601 | Lair:6   | Found a staircase to the Slime Pits.
 24601 | Lair:6   | Found a viscous altar of Jiyva.
 24890 | Lair:6   | Noticed an entropy weaver
 24891 | Lair:6   | Noticed an entropy weaver
 24957 | Lair:6   | HP: 4/119 [worker ant (7)]
 25552 | Lair:4   | HP: 4/119 [entropy weaver (8)]
 25565 | Lair:4   | an entropy weaver changed into an anaconda
 25573 | Lair:4   | Mangled by an anaconda

Levels and vault maps discovered:
D:1:      lemuel_arrival_hallway, layout_loops_ring
D:2:      layout_loops_ring, zin_treasury, nicolae_overflow_hidden_temple,
          minmay_tetromino_l4
D:3:      layout_basic, minmay_lizard_king
D:4:      layout_basic, kennysheep_generic_room_16
D:5:      layout_basic, first_ration, serial_bayou_pond_a
D:6:      layout_loops_ring, minmay_temple_entry_enclosed_plants, st_stairs_8
D:7:      layout_basic, grunt_temple_overflow_open, uniq_pikel
D:8:      lemuel_ratsnest, layout_basic, hangedman_pestilent_swarm, uniq_psyche
D:9:      layout_rooms, grunt_temple_overflow_holy_war, orc_0_dummy,
          hangedman_abyss_or_decor_stagger, uniq_maurice, uniq_erolcha
D:10:     layout_cave_pools, kennysheep_generic_room_14
D:11:     layout_loops_ring, erik_lair_dragon
D:12:     layout_irregular_city, enter_bailey_2
D:13:     layout_stronghold, grunt_vaults_entry_fortified,
          gammafunk_ghost_grave, st_stairs_7
Temple:   minmay_freezing_vapour_temple
Lair:1:   layout_regular_city, hellmonk_ghost_happy_afterlife
Lair:2:   layout_layer_cave, grunt_megastairs_3
Lair:3:   layout_concentric_octagons, minmay_snake_entry_guardpost_small,
          beast_lair_carwin_4, uniq_snorg
Lair:4:   layout_cave_pods, minmay_shoals_entry_centaurs, lookout_lair_type
Lair:5:   layout_cave_pods, serial_bayou_shore_a
Lair:6:   cheibrodos_lair_end_hotspot, layout_misc_corridors, slime_altar_1,
          wad_woods_antlair

Skill      XL: |  1  2  3  4  5  6  7  8  9 10 11 12 13 |
---------------+----------------------------------------+-----
Bows           | 6 7 9 10 12 13 14 | 14.0
Dodging        | 2 3 |  3.0
Fighting       | 3 4 5 6 7 8 10 11 12 | 12.5
Polearms       | 1 4 6 9 11 12 | 12.0
Crossbows      | 8 10 | 10.0
Armour         | 3 |  3.1
Stealth        | |  0.4

Action                   |  1- 3 |  4- 6 |  7- 9 | 10-12 | 13-15 || total
-------------------------+-------+-------+-------+-------+-------++-------
Melee: Short sword       |   112 |    94 |       |       |       ||   206
       Kick              |    22 |    37 |    57 |    59 |       ||   175
       Dagger            |    34 |       |       |       |       ||    34
       Spear             |       |   119 |   214 |   249 |       ||   582
 Fire: Shortbow          |     9 |    33 |   132 |  1208 |   173 ||  1555
       Hand crossbow     |       |       |       |       |   182 ||   182
Invok: Heroism           |       |       |       |     1 |       ||     1
Evoke: Wand              |       |       |       |       |     1 ||     1
  Use: Scroll            |     3 |     3 |     1 |    20 |    12 ||    39
       Potion            |       |       |       |     9 |     3 ||    12
  Eat: Chunk             |     1 |     7 |    10 |    24 |     5 ||    47
       Ration            |       |       |       |     2 |     2 ||     4
Armor: Leather armour    |    37 |    32 |    24 |    43 |       ||   136
       Skin              |       |       |       |    20 |       ||    20
       Steam dragon scal |       |       |       |    37 |       ||    37
       Chain mail        |       |       |       |       |    55 ||    55
Dodge: Dodged            |   126 |   192 |   151 |   479 |    97 ||  1045
